[Event "Titled Tuesday Blitz May 9 Early 2023"]
[White "Hossain, Enamul"]
[Black "Maung, Maung Kyaw Zaw Hein"]
[WhiteFideId "10200649"]
[BlackFideId "13001698"]
[WhiteElo "2433"]
[BlackElo "2019"]
[Result "1-0"]
[Round "02"]
[TimeControl "180+2"]
[Date "2023.05.09"]
[WhiteClock "0:00:53"]
[BlackClock "0:00:16"]

1. e4 c6 2. d4 d5 3. e5 Bf5 4. Nd2 e6 5. Nb3 Nd7 6. Nf3 a6 7. Be2 c5 8. dxc5 Nxc5 9. O-O Nxb3 10. axb3 Bc5 11. Nd4 Bg6 12. c3 Ne7 13. b4 Bb6 14. Be3 O-O 15. f4 Nf5 16. Nxf5 Bxf5 17. Bd4 Be4 18. Bf3 Bxf3 19. Rxf3 Rc8 20. Kh1 Bxd4 21. Qxd4 Rc4 22. Qd3 Qb6 23. f5 Re4 24. f6 g6 25. Qd2 Rh4 26. Rf4 Rh5 27. Re1 Rc8 28. Rd4 Qc7 29. Qe3 h6 30. g4 Rh4 31. g5 Rxd4 32. Qxd4 h5 33. b5 axb5 34. Ra1 Qc4 35. Ra7 Qxd4 36. cxd4 Rc7 37. Ra8+ Kh7 38. Rf8 b4 39. b3 Rd7 40. h4 Rc7 41. Kg2 Rd7 42. Kf3 Rc7 43. Ke3 Rd7 44. Ke2 Rc7 45. Kd2 Rd7 46. Re8 Rc7 47. Re7 Rc3 48. Rxf7+ Kg8 49. Rg7+ Kf8 50. Rxg6 Rxb3 51. Rh6 Rh3 52. g6 Rh2+ 53. Kc1 b3 54. Rh8# 1-0


[Site "https://www.chess.com"]

[Event "Titled Tuesday Blitz May 9 Early 2023"]
[White "Goldin, Roman"]
[Black "surrenderPLS"]
[WhiteFideId "2803860"]
[WhiteElo "2312"]
[BlackElo "2485"]
[Result "0-1"]
[Round "02"]
[TimeControl "180+2"]
[Date "2023.05.09"]
[WhiteClock "0:00:00"]
[BlackClock "0:01:10"]

1. e4 c5 2. Nf3 d6 3. Bc4 Nf6 4. e5 dxe5 5. Nxe5 e6 6. Qe2 Bd6 7. f4 O-O 8. d3 a6 9. a4 Nbd7 10. Nd2 Rb8 11. a5 Qc7 12. Ndf3 Nd5 13. O-O Nxe5 14. fxe5 Be7 15. Bd2 Bd7 16. Rae1 Bc6 17. h4 Rbe8 18. h5 f6 19. h6 g6 20. exf6 Bxf6 21. Ne5 Bxe5 22. Rxf8+ Rxf8 23. Qxe5 Qxe5 24. Rxe5 Kf7 25. Bg5 Re8 26. Re2 Kg8 27. Kf2 Bd7 28. Kg3 Kf7 29. Rf2+ Kg8 30. Re2 Rf8 31. Be3 Rf5 32. Bxc5 Nf4 33. d4 Nxe2+ 34. Bxe2 Kf7 35. Bf3 Bc6 36. Be2 Rg5+ 37. Kf4 Rxg2 38. Bd3 Rh2 39. Ke5 Rxh6 40. Kd6 g5 41. Kc7 g4 42. Bd6 Bf3 43. c4 Rh3 44. b4 g3 45. b5 axb5 46. cxb5 g2 0-1


[Site "https://www.chess.com"]

[Event "Titled Tuesday Blitz May 9 Early 2023"]
[White "Zavortink, Matt"]
[Black "Nastase, Robert-Paul"]
[WhiteFideId "2034263"]
[BlackFideId "1221175"]
[WhiteElo "2484"]
[BlackElo "2175"]
[Result "1-0"]
[Round "02"]
[TimeControl "180+2"]
[Date "2023.05.09"]
[WhiteClock "0:00:14"]
[BlackClock "0:00:00"]

1. Nf3 d5 2. g3 Nf6 3. Bg2 e6 4. O-O Be7 5. a4 O-O 6. d3 b6 7. e4 dxe4 8. Ng5 Bb7 9. Nc3 Nbd7 10. Ngxe4 Nd5 11. a5 Qc8 12. Re1 Nxc3 13. bxc3 Nf6 14. Bb2 Nxe4 15. Bxe4 Bxe4 16. Rxe4 Qd7 17. c4 Rfd8 18. Qh5 f5 19. Re2 Bf8 20. Qf3 Re8 21. h4 Rab8 22. axb6 axb6 23. Be5 Rbd8 24. Ra7 Rc8 25. h5 Bd6 26. Ra1 Bxe5 27. Rxe5 Qd6 28. Rae1 Re7 29. h6 g6 30. Qe3 Rce8 31. Qd2 Qd4 32. R1e3 c5 33. Qe1 Kf7 34. c3 Qd6 35. Qb1 Qd7 36. Qxb6 Qc8 37. Kh2 Qa8 38. Qxc5 Qa2 39. Re2 Qb1 40. Qe3 Qc1 41. Qxc1 1-0


[Site "https://www.chess.com"]

[Event "Titled Tuesday Blitz May 9 Early 2023"]
[White "Alhadad, Mahmoud"]
[Black "Turzo, Attila"]
[WhiteFideId "11501863"]
[BlackFideId "704954"]
[WhiteElo "1955"]
[BlackElo "2481"]
[Result "0-1"]
[Round "02"]
[TimeControl "180+2"]
[Date "2023.05.09"]
[WhiteClock "0:00:05"]
[BlackClock "0:00:08"]

1. e4 c5 2. Nc3 Nc6 3. Bb5 Nd4 4. Nf3 g6 5. Nxd4 cxd4 6. Ne2 Bg7 7. O-O Nf6 8. d3 O-O 9. Nxd4 Qb6 10. Be3 e5 11. Bxd7 exd4 12. Bxc8 dxe3 13. Bh3 exf2+ 14. Rxf2 Qxb2 15. Rb1 Qxa2 16. Rxb7 a5 17. Qf1 a4 18. e5 Nh5 19. c4 Qa3 20. Rfxf7 Qc5+ 21. Kh1 Qxe5 22. g4 Rxf7 23. Qxf7+ Kh8 24. gxh5 a3 25. h6 Qa1+ 26. Bf1 Rg8 27. hxg7+ Qxg7 28. Qxg7+ Rxg7 29. Rb1 Ra7 30. Ra1 Kg7 31. Kg2 Kf6 32. d4 Kf5 33. Bd3+ Kf4 34. Kf2 a2 35. d5 Ra3 36. Ke2 Ke5 37. Kd2 Kd4 38. Be2 Kc5 39. h3 Kb4 40. h4 Kb3 41. Bd1+ Kb2 42. Rxa2+ Rxa2 43. c5 Ra5 44. c6 Rxd5+ 45. Ke2 Rc5 46. Kf2 Rxc6 47. Bf3 Rc7 48. Kg3 Kc3 49. Kg4 h6 50. Be4 Rg7 51. h5 g5 52. Bg6 Kd4 53. Kf5 Kd5 54. Kf6 Ra7 55. Bf7+ Kd4 56. Kg6 Ra6+ 57. Kg7 g4 58. Bg6 g3 59. Kxh6 g2 60. Kh7 g1=Q 61. Bf7 Qg5 62. h6 Qxh6+ 63. Kg8 Ra8+ 64. Be8 Rxe8+ 65. Kf7 Qe6+ 66. Kg7 Rg8+ 67. Kh7 Qg6# 0-1


[Site "https://www.chess.com"]

[Event "Titled Tuesday Blitz May 9 Early 2023"]
[White "koncheto"]
[Black "Zaichenko, Daria"]
[BlackFideId "4197453"]
[WhiteElo "2481"]
[BlackElo "2039"]
[Result "1-0"]
[Round "02"]
[TimeControl "180+2"]
[Date "2023.05.09"]
[WhiteClock "0:01:14"]
[BlackClock "0:00:39"]

1. d4 d5 2. Nc3 Bf5 3. Bf4 c6 4. e3 Nf6 5. f3 h5 6. Bd3 Bxd3 7. cxd3 e6 8. Qd2 Bd6 9. Nge2 Nbd7 10. Bxd6 Qb6 11. O-O-O O-O-O 12. e4 Nb8 13. Be7 Rd7 14. Bxf6 gxf6 15. Kb1 Na6 16. Rc1 Kb8 17. Na4 Qb5 18. Nc5 Nxc5 19. Rxc5 Qa6 20. Rhc1 Ka8 21. Qf4 Qxd3+ 22. R5c2 a6 23. Qxf6 Rg8 24. Ng3 dxe4 25. fxe4 Rxd4 26. Qxf7 Rgd8 27. Qxh5 Rc4 28. Qf3 Rxc2 29. Rxc2 Qb5 30. a3 Rd4 31. Qf8+ Ka7 32. Qf2 c5 33. Ne2 Rd1+ 34. Ka2 Kb6 35. Nc3 Qc4+ 36. b3 Qd3 37. Nxd1 1-0


[Site "https://www.chess.com"]

[Event "Titled Tuesday Blitz May 9 Early 2023"]
[White "Bueno, Alfeu Junior Varela"]
[Black "ElenGajger"]
[WhiteFideId "2108879"]
[WhiteElo "2175"]
[BlackElo "2479"]
[Result "0-1"]
[Round "02"]
[TimeControl "180+2"]
[Date "2023.05.09"]
[WhiteClock "0:00:00"]
[BlackClock "0:01:00"]

1. e4 c5 2. Nc3 Nc6 3. f4 g6 4. Nf3 Bg7 5. Bb5 Nd4 6. O-O a6 7. Bc4 e6 8. d3 Ne7 9. Nxd4 cxd4 10. Ne2 d5 11. Bb3 dxe4 12. dxe4 O-O 13. Ng3 Kh8 14. Qe1 a5 15. a4 d3 16. Kh1 Nc6 17. cxd3 Qxd3 18. Rf3 Qd8 19. Bd2 Nd4 20. Rd3 Qh4 21. Rc1 b6 22. Be3 Nxb3 23. Rxb3 Bd7 24. Rxb6 Bxa4 25. e5 Rfd8 26. Ne4 Qxe1+ 27. Rxe1 Rab8 28. Nd6 Rxb6 29. Bxb6 Rb8 30. Bxa5 Rxb2 31. Nxf7+ Kg8 32. Ng5 Bc6 33. Ne4 Bh6 34. Nf6+ Kf7 35. Rg1 Bxf4 0-1


[Site "https://www.chess.com"]

[Event "Titled Tuesday Blitz May 9 Early 2023"]
[White "Rodriguez, Santiago"]
[Black "Thomas, Anysia"]
[WhiteFideId "3000591"]
[BlackFideId "670472"]
[WhiteElo "2249"]
[BlackElo "2091"]
[Result "1-0"]
[Round "02"]
[TimeControl "180+2"]
[Date "2023.05.09"]
[WhiteClock "0:01:19"]
[BlackClock "0:00:01"]

1. d4 Nf6 2. Bg5 d5 3. Bxf6 exf6 4. e3 c5 5. dxc5 Bxc5 6. c3 Nc6 7. Nf3 O-O 8. Nbd2 f5 9. Be2 f4 10. exf4 d4 11. Nb3 Bd6 12. Nbxd4 Nxd4 13. Qxd4 Qc7 14. Ne5 Be6 15. O-O Rad8 16. Bf3 f6 17. Nd3 b6 18. Rfe1 Bc5 19. Nxc5 bxc5 20. Qe3 Bf7 21. Rad1 Rde8 22. Qd3 Qxf4 23. Bd5 Rxe1+ 24. Rxe1 g6 25. g3 Qg5 26. Bxf7+ Rxf7 27. h4 Qg4 28. Re8+ Kg7 29. Qd8 Rd7 30. Re7+ Rxe7 31. Qxe7+ Kg8 32. Qxc5 Qf3 33. Qxa7 Qd1+ 34. Kh2 Qe2 35. b4 g5 36. Qb8+ Kg7 37. Qc7+ Kg8 38. Qd8+ Kg7 39. Qd4 gxh4 40. gxh4 h5 41. b5 Qxa2 42. b6 Qb2 43. Kg3 Kg6 44. Qe4+ Kg7 45. b7 f5 46. Qe5+ 1-0


[Site "https://www.chess.com"]

[Event "Titled Tuesday Blitz May 9 Early 2023"]
[White "Sarkar, Justin"]
[Black "WindWhistler11"]
[WhiteFideId "2010011"]
[WhiteElo "2168"]
[BlackElo "2478"]
[Result "1-0"]
[Round "02"]
[TimeControl "180+2"]
[Date "2023.05.09"]
[WhiteClock "0:01:42"]
[BlackClock "0:00:00"]

1. h3 Nf6 2. c4 g6 3. Nc3 d5 4. cxd5 Nxd5 5. e4 Nb6 6. d4 Bg7 7. Nf3 O-O 8. Be3 Nc6 9. Bb5 Na5 10. O-O Nac4 11. Bc1 a6 12. Bxc4 Nxc4 13. Qe2 b5 14. Bf4 Bb7 15. Rac1 Rc8 16. Rfd1 e6 17. b3 Nd6 18. Qe3 1-0


[Site "https://www.chess.com"]

[Event "Titled Tuesday Blitz May 9 Early 2023"]
[White "Arat, Ufuk Sezen"]
[Black "Barbot, Pierre"]
[WhiteFideId "6309089"]
[BlackFideId "663727"]
[WhiteElo "2289"]
[BlackElo "2431"]
[Result "0-1"]
[Round "02"]
[TimeControl "180+2"]
[Date "2023.05.09"]
[WhiteClock "0:01:38"]
[BlackClock "0:00:12"]

1. e4 c6 2. d4 d5 3. e5 Bf5 4. h4 h5 5. Bd3 Bxd3 6. Qxd3 e6 7. Bg5 Qa5+ 8. Nd2 c5 9. c4 Nc6 10. Nf3 cxd4 11. O-O Nh6 12. cxd5 Qxd5 13. Nc4 Nf5 14. Nfd2 Nxe5 15. Nxe5 Qxe5 16. Nc4 Qd5 17. Rfe1 Bd6 18. Nxd6+ Nxd6 19. Rad1 Nf5 20. Qa3 f6 21. Bf4 e5 22. Qd3 Nxh4 23. Bg3 Qxg2# 0-1


[Site "https://www.chess.com"]

[Event "Titled Tuesday Blitz May 9 Early 2023"]
[White "Jiganchine, Roman"]
[Black "Bettalli, Francesco"]
[WhiteFideId "2603667"]
[BlackFideId "2816453"]
[WhiteElo "2268"]
[BlackElo "2216"]
[Result "1-0"]
[Round "02"]
[TimeControl "180+2"]
[Date "2023.05.09"]
[WhiteClock "0:00:35"]
[BlackClock "0:00:02"]

1. e4 g6 2. d4 c6 3. f4 Bg7 4. Nf3 d5 5. e5 h5 6. Bd3 Nh6 7. Nbd2 Bg4 8. c3 Qb6 9. Nf1 Nd7 10. Ne3 O-O-O 11. h3 Bxf3 12. Qxf3 e6 13. a4 Nf5 14. Nxf5 exf5 15. a5 Qc7 16. a6 b6 17. b3 Nf8 18. Ba3 Ne6 19. O-O h4 20. Qe3 Kb8 21. c4 dxc4 22. Bxc4 Nxd4 23. Bd6 Rxd6 24. exd6 Qxd6 25. Rad1 Qc5 26. Kh1 Ne6 27. Qxc5 Nxc5 28. Bxf7 Ne4 29. Kh2 Kc7 30. Bxg6 Ng3 31. Rfe1 Bf6 32. Re6 Rf8 33. Re8 Rh8 34. Rxh8 Bxh8 35. Be8 Bc3 36. Rd7+ Kb8 37. Rb7+ Kc8 38. Bxc6 Bd2 39. Rxa7 Bxf4 40. Rb7 Ne4+ 41. Kg1 Nc5 42. a7 Nxb7 43. a8=Q+ Kc7 44. Qxb7+ Kd6 45. Qd7+ Ke5 46. Qd5+ Kf6 47. Bb5 Kg5 48. Kf1 Be3 49. Be2 Kf4 50. Qf3+ 1-0


[Site "https://www.chess.com"]

[Event "Titled Tuesday Blitz May 9 Early 2023"]
[White "Przybylski, Wojciech"]
[Black "Abrosimov, Vladimir"]
[WhiteFideId "1117599"]
[BlackFideId "4166892"]
[WhiteElo "2222"]
[BlackElo "2336"]
[Result "0-1"]
[Round "02"]
[TimeControl "180+2"]
[Date "2023.05.09"]
[WhiteClock "0:00:06"]
[BlackClock "0:00:18"]

1. e4 c5 2. Nf3 d6 3. Nc3 Nf6 4. g3 e6 5. Bg2 Be7 6. O-O O-O 7. a4 Nc6 8. d3 a6 9. h3 Qc7 10. Nh2 d5 11. f4 dxe4 12. dxe4 b6 13. g4 Bb7 14. g5 Rad8 15. Qe1 Ne8 16. Be3 Nd6 17. b3 Nd4 18. Rc1 b5 19. Ng4 b4 20. Ne2 Bxe4 21. Bxe4 Nxe4 22. Bxd4 cxd4 23. Rf3 Nc3 24. Ng3 Na2 25. Ra1 Nc3 26. Nh5 Qc5 27. Nhf6+ Bxf6 28. gxf6 d3+ 29. Ne3 d2 30. Qg3 d1=Q+ 31. Kh2 Qd2+ 32. Rf2 g6 33. Ng4 Ne4 34. Qh4 Qdxf2+ 35. Nxf2 Qxf2+ 36. Qxf2 Nxf2 37. Re1 Rd2 38. Kg3 Rc8 39. Re5 Rc3+ 40. Kg2 Nd3+ 41. Kf3 Nxe5+ 42. Ke4 Rdxc2 43. fxe5 Rxb3 44. Kf4 Rbc3 45. a5 Rc4+ 46. Kg5 R2c3 47. h4 Rg3+ 48. Kh6 Rxh4# 0-1


[Site "https://www.chess.com"]

[Event "Titled Tuesday Blitz May 9 Early 2023"]
[White "I_KID_you_not"]
[Black "Sliwicki, Damian"]
[BlackFideId "1127128"]
[WhiteElo "2264"]
[BlackElo "2030"]
[Result "1-0"]
[Round "02"]
[TimeControl "180+2"]
[Date "2023.05.09"]
[WhiteClock "0:00:39"]
[BlackClock "0:00:00"]

1. e4 d5 2. exd5 Qxd5 3. Nf3 Nf6 4. d4 Bg4 5. Be2 e6 6. h3 Bh5 7. c4 Bb4+ 8. Nc3 Qa5 9. Bd2 Nc6 10. a3 Bxc3 11. Bxc3 Qf5 12. g4 Nxg4 13. hxg4 Bxg4 14. Nh4 Qe4 15. f3 Qf4 16. fxg4 O-O-O 17. Nf3 e5 18. d5 e4 19. Nd4 Ne5 20. Rf1 Qe3 21. Qd2 Qg3+ 22. Kd1 c5 23. Nf5 Qg2 24. Kc2 g6 25. Bxe5 gxf5 26. Bxh8 Rxh8 27. gxf5 Qg7 28. f6 Qg2 29. Rg1 Qf2 30. Raf1 Qh4 31. Bg4+ Kb8 32. Qf4+ Ka8 33. Be2 Qh3 34. Rg3 Qd7 35. Qg4 Qa4+ 36. Kb1 Re8 37. Qg8 a5 38. Qxf7 1-0


[Site "https://www.chess.com"]

[Event "Titled Tuesday Blitz May 9 Early 2023"]
[White "Devaev, Alexander"]
[Black "Tsyhanchuk, Stanislav"]
[WhiteFideId "4169395"]
[BlackFideId "13505130"]
[WhiteElo "2172"]
[BlackElo "2173"]
[Result "0-1"]
[Round "02"]
[TimeControl "180+2"]
[Date "2023.05.09"]
[WhiteClock "0:00:05"]
[BlackClock "0:00:44"]

1. Nf3 Nf6 2. c4 e6 3. Nc3 d5 4. d4 Be7 5. Bg5 O-O 6. e3 b6 7. Rc1 Bb7 8. Bxf6 Bxf6 9. cxd5 exd5 10. Bd3 Nd7 11. Qb3 c5 12. Bb1 cxd4 13. exd4 Re8+ 14. Kf1 Nb8 15. h4 Nc6 16. Rd1 h5 17. Nxd5 Na5 18. Nxf6+ Qxf6 19. Qd3 Be4 20. Qa3 Nc4 21. Qc3 Rac8 22. Bxe4 Rxe4 23. Kg1 Rg4 24. Rh3 Nd6 25. Qe3 Nf5 26. Qg5 Rxg5 27. hxg5 Qg6 28. Re1 Nd6 29. Rh4 Re8 30. Rc1 Ne4 31. Ne5 Qxg5 32. Rxe4 Qxc1+ 0-1


[Site "https://www.chess.com"]

[Event "Titled Tuesday Blitz May 9 Early 2023"]
[White "Semenenko, Dmytry"]
[Black "Pourkashiyan, Atousa"]
[WhiteFideId "14118645"]
[BlackFideId "12502014"]
[WhiteElo "2113"]
[BlackElo "2228"]
[Result "0-1"]
[Round "02"]
[TimeControl "180+2"]
[Date "2023.05.09"]
[WhiteClock "0:00:16"]
[BlackClock "0:00:05"]

1. Nf3 d5 2. c4 e6 3. d4 Nf6 4. Nc3 Be7 5. Bg5 O-O 6. e3 a6 7. Bd3 dxc4 8. Bxc4 b5 9. Bd3 Bb7 10. O-O Nbd7 11. Qe2 c5 12. Rfd1 Rc8 13. Rac1 h6 14. Bh4 Qb6 15. Ne5 Rfd8 16. Nxd7 Rxd7 17. Bxf6 Bxf6 18. dxc5 Rxc5 19. Bh7+ Kxh7 20. Rxd7 Qc6 21. Qd3+ Kg8 22. f3 b4 23. Rd6 Qc8 24. Rd1 bxc3 25. bxc3 Rxc3 26. Qb1 Bd5 27. Rb6 Qf8 28. Rb8 Rc8 29. Rb6 Qc5 30. Kh1 Qxe3 31. Rxa6 Be5 32. Ra4 g6 33. Rg4 Kg7 34. h4 h5 35. Ra4 Qf2 36. Rf1 Qg3 37. f4 Qxg2# 0-1


[Site "https://www.chess.com"]

[Event "Titled Tuesday Blitz May 9 Early 2023"]
[White "Wessendorf, Thomas, Dr."]
[Black "cristianserban1"]
[WhiteFideId "4604270"]
[WhiteElo "2280"]
[BlackElo "2462"]
[Result "0-1"]
[Round "02"]
[TimeControl "180+2"]
[Date "2023.05.09"]
[WhiteClock "0:00:00"]
[BlackClock "0:00:09"]

1. e4 c6 2. d3 d5 3. Nd2 g6 4. g3 Bg7 5. Ngf3 Bg4 6. Bg2 e6 7. h3 Bxf3 8. Qxf3 Nd7 9. O-O Ne7 10. Qe2 O-O 11. Nf3 a5 12. d4 dxe4 13. Qxe4 a4 14. a3 Nf5 15. c3 Nd6 16. Qc2 Qa5 17. Bg5 Rfe8 18. Rfe1 Nc4 19. Rad1 Qb5 20. Bc1 Rad8 21. h4 h6 22. Bf1 Ndb6 23. Ne5 Qd5 24. Nxc4 Nxc4 25. Qxa4 b5 26. Qc2 c5 27. Bg2 Qd6 28. Bf4 Qb6 29. dxc5 Qxc5 30. Qc1 Kh7 31. Be4 f5 32. Bb1 e5 33. Be3 Qc6 34. b3 Nd6 35. b4 Nc4 36. Bc5 e4 37. h5 Ne5 38. Rxd8 Rxd8 39. Rd1 Nf3+ 40. Kg2 e3 41. hxg6+ Kxg6 42. Bxf5+ Kxf5 43. Qc2+ Kg4 44. Kf1 Nh2+ 45. Kg1 exf2+ 46. Bxf2 Rxd1+ 47. Qxd1+ Nf3+ 48. Kg2 Bxc3 49. Bc5 Qe4 50. Kf2 Bd2 51. Qe2 Qxe2+ 52. Kxe2 Bc1 53. Be3 Bxa3 0-1


[Site "https://www.chess.com"]

[Event "Titled Tuesday Blitz May 9 Early 2023"]
[White "Martic, Ivan"]
[Black "Rodriguez Santiago, Jaime"]
[WhiteFideId "929301"]
[BlackFideId "3100898"]
[WhiteElo "2360"]
[BlackElo "2025"]
[Result "1-0"]
[Round "02"]
[TimeControl "180+2"]
[Date "2023.05.09"]
[WhiteClock "0:00:59"]
[BlackClock "0:00:49"]

1. d4 Nf6 2. Bg5 d5 3. Bxf6 exf6 4. e3 f5 5. g3 c6 6. Bg2 Bd6 7. Nd2 Be6 8. Ne2 Nd7 9. b3 Qc7 10. c4 Qb8 11. Qc2 Nf6 12. c5 Bc7 13. b4 O-O 14. O-O h5 15. h4 Ng4 16. a4 Re8 17. b5 Qd8 18. Nf3 f6 19. Nf4 Bxf4 20. exf4 Bf7 21. Nd2 g6 22. Rfe1 Qd7 23. b6 axb6 24. cxb6 Rxe1+ 25. Rxe1 Qd8 26. Qb3 Ra6 27. Rb1 Qa8 28. Ra1 Qd8 29. a5 Qe7 30. Bf1 Ra8 31. a6 bxa6 32. b7 Rb8 33. Bxa6 g5 34. fxg5 fxg5 35. Nf3 gxh4 36. Nxh4 f4 37. Qf3 fxg3 38. Qxg3 Kh8 39. Qxb8+ Kh7 40. Bd3+ 1-0


[Site "https://www.chess.com"]

[Event "Titled Tuesday Blitz May 9 Early 2023"]
[White "babbilator"]
[Black "Avazkhonov, Alikhon"]
[BlackFideId "14208504"]
[WhiteElo "2259"]
[BlackElo "1739"]
[Result "1-0"]
[Round "02"]
[TimeControl "180+2"]
[Date "2023.05.09"]
[WhiteClock "0:00:19"]
[BlackClock "0:00:01"]

1. e4 c5 2. Nc3 d6 3. Nf3 Nf6 4. e5 dxe5 5. Nxe5 a6 6. a4 Qd6 7. Nc4 Qe6+ 8. Be2 Nc6 9. O-O Nd4 10. Bd3 g6 11. Re1 Qc6 12. a5 Bg4 13. f3 Bxf3 14. gxf3 Nxf3+ 15. Kf1 Nxh2+ 16. Kg1 Nf3+ 17. Kf1 Ng4 18. Be4 Ngh2+ 19. Kg2 Nxe1+ 20. Qxe1 Qc7 21. Qg3 Qxg3+ 22. Kxg3 Nf1+ 23. Kg2 O-O-O 24. Kxf1 Bg7 25. d3 e5 26. Be3 f5 27. Bg2 e4 28. Bxc5 exd3 29. Nb6+ Kb8 30. cxd3 Rxd3 31. Rd1 Bd4 32. Bd6+ Ka7 33. Rxd3 Bxb6 34. axb6+ Kxb6 35. b4 Re8 36. Bc5+ Kc7 37. Nd5+ Kb8 38. Nb6 Re6 39. Rd7 Rc6 40. Bxc6 bxc6 41. Rxh7 a5 42. bxa5 1-0


[Site "https://www.chess.com"]

[Event "Titled Tuesday Blitz May 9 Early 2023"]
[White "Ljukin, Sergei"]
[Black "Benmesbah, Natacha"]
[WhiteFideId "14102200"]
[BlackFideId "642002"]
[WhiteElo "2312"]
[BlackElo "2263"]
[Result "1-0"]
[Round "02"]
[TimeControl "180+2"]
[Date "2023.05.09"]
[WhiteClock "0:02:04"]
[BlackClock "0:00:22"]

1. e4 c5 2. Nf3 d6 3. d4 cxd4 4. Nxd4 Nf6 5. Nc3 g6 6. Be3 Bg7 7. f3 O-O 8. Qd2 Nc6 9. O-O-O d5 10. Kb1 e5 11. Nxc6 bxc6 12. exd5 cxd5 13. Nxd5 Nxd5 14. Qxd5 Be6 15. Qxd8 Rfxd8 16. Rxd8+ Rxd8 17. Bb5 Rb8 18. Ba4 e4 19. Bb3 exf3 20. gxf3 a5 21. Bc1 Bh3 22. Re1 Kf8 23. Bf4 Rb7 24. Bd6+ 1-0


[Site "https://www.chess.com"]

[Event "Titled Tuesday Blitz May 9 Early 2023"]
[White "Redzisz, Michal"]
[Black "Garrido, Denis"]
[WhiteFideId "21816107"]
[BlackFideId "601217"]
[WhiteElo "2175"]
[BlackElo "2250"]
[Result "1-0"]
[Round "02"]
[TimeControl "180+2"]
[Date "2023.05.09"]
[WhiteClock "0:00:57"]
[BlackClock "0:01:35"]

1. e4 e5 2. Nf3 Nc6 3. Bc4 Nf6 4. d3 Bc5 5. O-O d6 6. h3 h6 7. c3 a6 8. Nbd2 g5 9. Re1 g4 10. hxg4 Bxg4 11. Qb3 Qd7 12. d4 Bb6 13. Bd5 exd4 14. Bxc6 bxc6 15. e5 Nd5 16. exd6+ Kd8 17. Ne5 Qxd6 18. Nxf7+ 1-0


[Site "https://www.chess.com"]

[Event "Titled Tuesday Blitz May 9 Early 2023"]
[White "Srebrnic, Ana"]
[Black "Bethke, Richard"]
[WhiteFideId "14603314"]
[BlackFideId "12959243"]
[WhiteElo "2181"]
[BlackElo "2369"]
[Result "0-1"]
[Round "02"]
[TimeControl "180+2"]
[Date "2023.05.09"]
[WhiteClock "0:00:08"]
[BlackClock "0:01:12"]

1. e4 c6 2. d4 d5 3. Nc3 dxe4 4. Nxe4 Nf6 5. Nxf6+ exf6 6. Bc4 Bd6 7. Qe2+ Qe7 8. Qxe7+ Kxe7 9. Nf3 Rd8 10. c3 Kf8 11. O-O Nd7 12. Re1 h5 13. Bd3 c5 14. Be3 cxd4 15. Nxd4 Ne5 16. Bc2 g6 17. Nb5 Be7 18. Nc7 Bg4 19. Nxa8 Rxa8 20. f3 Be6 21. Bb3 Nd3 22. Re2 a5 23. Bxe6 fxe6 24. Rd1 Ne5 25. Bd4 Bd6 26. Bxe5 Bxe5 27. Red2 Ke8 28. Rd7 a4 29. Rxb7 a3 30. bxa3 Rxa3 31. Rbd7 g5 32. Rd8+ Kf7 33. R1d7+ Kg6 34. g4 Rxa2 35. gxh5+ Kxh5 36. Rh8+ Kg6 37. c4 Kf5 38. c5 Rc2 39. Rc8 Bxh2+ 40. Kf1 Kf4 41. Rd3 e5 42. c6 g4 43. fxg4 e4 44. Rh3 e3 45. c7 Bg3 46. Rxg3 Kxg3 47. Ke1 Kf3 48. Rf8 Rc1# 0-1


[Site "https://www.chess.com"]

[Event "Titled Tuesday Blitz May 9 Early 2023"]
[White "Levitan, Caleb Levi"]
[Black "Vovk, Orest"]
[WhiteFideId "14332620"]
[BlackFideId "14113490"]
[WhiteElo "1963"]
[BlackElo "2215"]
[Result "1-0"]
[Round "02"]
[TimeControl "180+2"]
[Date "2023.05.09"]
[WhiteClock "0:02:12"]
[BlackClock "0:02:01"]

1. e4 g5 2. d4 g4 3. Nc3 Bg7 4. Be3 h5 5. Be2 d6 6. f3 Nf6 7. fxg4 Nxg4 8. Bxg4 Bxg4 9. Nge2 c5 10. h3 cxd4 11. Bxd4 1-0


[Site "https://www.chess.com"]

[Event "Titled Tuesday Blitz May 9 Early 2023"]
[White "Ciolacu, Alessia-Mihaela"]
[Black "Rosenberg, Evan S"]
[WhiteFideId "1252640"]
[BlackFideId "2019299"]
[WhiteElo "1937"]
[BlackElo "2242"]
[Result "1/2-1/2"]
[Round "02"]
[TimeControl "180+2"]
[Date "2023.05.09"]
[WhiteClock "0:00:21"]
[BlackClock "0:00:11"]

1. Nf3 d5 2. g3 Nd7 3. c4 dxc4 4. Na3 e5 5. Nxc4 e4 6. Nd4 Bc5 7. Nb3 Ngf6 8. Bg2 O-O 9. Nxc5 Nxc5 10. O-O Bg4 11. h3 Bh5 12. b3 c6 13. Ba3 b6 14. Rc1 Re8 15. g4 Bxg4 16. hxg4 Nxg4 17. Ne3 Ne5 18. Bxc5 bxc5 19. Bxe4 Qg5+ 20. Ng2 Ng4 21. Bf3 Ne5 22. e3 Re6 23. Be4 f5 24. f4 Qg3 25. fxe5 fxe4 26. Qe1 Qxe5 27. Rf4 Rg6 28. Qf2 h6 29. Rf1 Kh7 30. Rf8 Rxf8 31. Qxf8 Qb2 32. Rf2 Qxa2 33. Qxc5 Qxb3 34. Qxa7 Qd1+ 35. Kh2 Qh5+ 36. Kg1 Qd1+ 37. Kh2 Qh5+ 38. Kg1 Qd1+ 1/2-1/2


[Site "https://www.chess.com"]

[Event "Titled Tuesday Blitz May 9 Early 2023"]
[White "Nugumanov, Bakhtiyar"]
[Black "Gurevich, Dmitry"]
[WhiteFideId "13701797"]
[BlackFideId "2000407"]
[WhiteElo "2209"]
[BlackElo "2506"]
[Result "0-1"]
[Round "02"]
[TimeControl "180+2"]
[Date "2023.05.09"]
[WhiteClock "0:00:00"]
[BlackClock "0:00:52"]

1. Nf3 Nf6 2. c4 c5 3. Nc3 b6 4. g3 Bb7 5. Bg2 g6 6. O-O Bg7 7. Re1 d5 8. cxd5 Nxd5 9. e4 Nb4 10. e5 O-O 11. e6 f5 12. Ne5 Bxg2 13. Kxg2 Nd3 14. Nxd3 Qxd3 15. Re3 Qd6 16. Qf3 Nc6 17. Nb5 Nd4 18. Qxa8 Nxb5 19. Qb7 Nd4 20. Qd7 Nc2 21. Qxd6 exd6 22. Rb1 Nxe3+ 23. dxe3 Re8 24. b4 Rxe6 25. bxc5 dxc5 26. Bb2 Rd6 27. Bxg7 Kxg7 28. Rb2 Rd3 29. Kf3 Ra3 30. Ke2 Kf6 31. Rd2 Ke6 32. h4 b5 33. f3 b4 34. Rc2 Kd5 35. e4+ fxe4 36. fxe4+ Kd4 37. e5 Re3+ 38. Kf2 Rxe5 39. Rd2+ Kc4 40. Rd7 a5 41. Rxh7 Rd5 42. Rg7 Rd2+ 43. Ke3 Rxa2 44. Rxg6 b3 0-1


[Site "https://www.chess.com"]

[Event "Titled Tuesday Blitz May 9 Early 2023"]
[White "Rom, Jasper"]
[Black "Botez, Alexandra"]
[WhiteFideId "2023733"]
[BlackFideId "2603365"]
[WhiteElo "2233"]
[BlackElo "2040"]
[Result "1-0"]
[Round "02"]
[TimeControl "180+2"]
[Date "2023.05.09"]
[WhiteClock "0:00:03"]
[BlackClock "0:00:18"]

1. e4 e6 2. d4 d5 3. Bd3 Nf6 4. e5 Nfd7 5. Ne2 c5 6. c3 Nc6 7. O-O h6 8. f4 Nb6 9. Be3 cxd4 10. cxd4 Nb4 11. Bb5+ Bd7 12. Bxd7+ Qxd7 13. Nbc3 Nc4 14. Bc1 Be7 15. a3 Nc6 16. Qd3 f5 17. b3 Nb6 18. Be3 g5 19. g4 gxf4 20. gxf5 fxe3 21. f6 Bf8 22. f7+ Kd8 23. Qxe3 Rc8 24. Rf6 Kc7 25. Nf4 Nd8 26. a4 Kb8 27. Ng6 Rh7 28. Nxf8 Rg7+ 29. Kh1 Qc7 30. Nb5 Qc2 31. Rg1 Rxf7 32. a5 Nd7 33. Nxd7+ Rxd7 34. Nd6 Rc3 35. Qf4 a6 36. Rf8 Kc7 37. Ne8+ Kb8 38. Nd6 Kc7 39. Ne8+ Kc6 40. Nf6 Rf7 41. Rxd8 Kb5 42. Rd6 Kxa5 43. Rd7 Rxd7 44. Nxd7 Qxb3 45. Nc5 Kb6 46. Nxb3 Rxb3 47. Qf6 a5 48. Qxe6+ Ka7 49. Qxd5 a4 50. Qc5+ b6 51. Qc7+ Ka6 52. Rg8 Rb1+ 53. Kg2 Rb2+ 54. Kg3 Rb3+ 55. Kf4 Rb4 56. Ra8+ Kb5 57. Qd7+ Kc4 58. Qc6+ Kb3 59. Rxa4 Rxa4 60. Qb5+ Ka3 61. Qxa4+ Kxa4 62. e6 b5 63. e7 b4 64. e8=Q+ Kb3 65. d5 Kc3 66. d6 b3 67. d7 b2 68. d8=Q b1=Q 69. Qe5+ Kc2 70. Qdc7+ Kd1 71. Qcd6+ Kc2 72. Qec5+ Kb2 73. Qdd4+ Ka2 74. Qcc4+ Qb3 75. Qxb3+ Kxb3 76. Qe3+ Kc4 77. Ke5 Kb5 78. Qxh6 Kc5 79. Qd2 1-0


[Site "https://www.chess.com"]